 Dungeon Crawl Stone Soup version 0.21.1-1-g345015f (webtiles) character file.

145 Krilegs the Grave Robber (level 5, -5/35 HPs)
             Began as a Mummy Necromancer on May 8, 2018.
             Slain by TinyReaver's ghost (8 damage)
             ... on level 3 of the Dungeon.
             The game lasted 00:07:41 (2961 turns).

Krilegs the Grave Robber (Mummy Necromancer)        Turns: 2961, Time: 00:07:42

Health: -5/35      AC:  3    Str: 11    XL:     5   Next: 6%
Magic:  11/12      EV: 12    Int: 16    God:
Gold:   86         SH:  0    Dex: 12    Spells: 4/13 levels left

rFire    x . .     SeeInvis .   g - +1 flail (protect)
rCold    + . .     Gourm    .   (no shield)
rNeg     + + +     Faith    .   a - +0 robe
rPois    ∞         Spirit   .   d - +0 helmet
rElec    .         Reflect  .   (no cloak)
rCorr    .         Harm     .   (no gloves)
MR       .....                  (no boots)
Stlth    ++........             (no amulet)
HPRegen  0.11/turn              (no ring)
MPRegen  0.13/turn              (no ring)

@: no status effects
A: no food or potions, fire vulnerability, cold resistance 1, negative energy
resistance 3, torment resistance, unbreathing
a: no special abilities


You were on level 3 of the Dungeon.
You were not hungry.

You visited 1 branch of the dungeon, and saw 3 of its levels.

You collected 86 gold pieces.

Inventory:

Hand Weapons
 g - a +1 flail of protection (weapon)
Armour
 a - a +0 robe (worn)
 d - a +0 helmet (worn)
Books
 b - a book of Necromancy

   Spells                             Type                      Level
   a - Pain                           Necromancy                   1
   b - Animate Skeleton               Necromancy                   1
   c - Vampiric Draining              Necromancy                   3
   d - Regeneration                   Charms/Necromancy            3
   e - Animate Dead                   Necromancy                   4
   f - Borgnjor's Vile Clutch         Necromancy/Earth             5


   Skills:
 + Level 1.6 Dodging
 + Level 1.7 Stealth
 + Level 4.8 Spellcasting
 * Level 5.3 Necromancy


You had 4 spell levels left.
You knew the following spells:

 Your Spells              Type           Power        Failure   Level  Hunger
a - Pain                  Necr           ###.         1%          1    N/A
b - Animate Skeleton      Necr           N/A          1%          1    N/A
c - Vampiric Draining     Necr           ###.......   5%          3    N/A
d - Animate Dead          Necr           N/A          17%         4    N/A

Dungeon Overview and Level Annotations

Branches:
Dungeon (3/15)

Altars:
Elyvilon
Gozag
Yredelemnul

Annotations:
D:3 TinyReaver's ghost, amateur CeHu


Innate Abilities, Weirdness & Mutations

You do not eat or drink.
Your flesh is vulnerable to fire.
You are immune to poison.
Your flesh is cold resistant. (rC+)
You are immune to negative energy. (rN+++)
You are immune to unholy pain and torment.
You can survive without breathing.


Message History

There is a stone staircase leading down here.
There isn't anything here!
You climb downwards.
Level annotation: TinyReaver's ghost, amateur CeHu The adder hisses angrily.
TinyReaver's ghost hits you! The worm bites you.
There is a stone staircase leading up here.
Casting: Pain
Confirm with . or Enter, or press ? or * to list all spells.
Aiming: Pain
Press: ? - help, Shift-Dir - straight line, f - worm
Aim: a worm (chance to defeat MR: 85%)
The worm writhes in agony!
TinyReaver's ghost hits you!
* * * LOW HITPOINT WARNING * * *
The worm bites you!
* * * LOW HITPOINT WARNING * * *
You can't go down here!
Unknown command.
The orc priest closely misses you. TinyReaver's ghost hits you!
You die...

......... .....
....#.?.# .....
..............
. #.....#......
.?#....)#......
#......S.......
###....wo......
......W@.).....
..>#...#(......
....... .......
....... ...<...
.....## .......
....# .......
..$. .......
... .......


You could see a worm, an orc priest, TinyReaver's ghost and an adder.

Vanquished Creatures
  Terence (D:2)
  3 gnolls (D:2)
  3 adders (D:2)
  A worm (D:2)
  A dart slug (D:1)
  2 leopard geckos (D:1)
  5 orcs
  9 hobgoblins
  3 jackals
  A quokka (D:2)
  7 bats
  3 frilled lizards
  5 goblins
  6 kobolds
  4 rats
54 creatures vanquished.

Notes
Turn   | Place    | Note
-------+----------+-------------------------------------------
     0 | D:1      | Krilegs the Mummy Necromancer began the quest for the Orb.
     0 | D:1      | Reached XP level 1. HP: 13/13 MP: 4/4
    61 | D:1      | Learned a level 1 spell: Animate Skeleton
   303 | D:1      | Reached XP level 2. HP: 19/19 MP: 0/6
  1175 | D:2      | Reached XP level 3. HP: 1/24 MP: 8/8
  1686 | D:2      | Noticed Terence
  1695 | D:2      | Killed Terence
  1704 | D:2      | Learned a level 3 spell: Vampiric Draining
  1798 | D:2      | Reached skill level 5 in Necromancy
  1798 | D:2      | Reached XP level 4. HP: 30/30 MP: 6/10
  2283 | D:2      | Learned a level 4 spell: Animate Dead
  2395 | D:2      | Found a white marble altar of Elyvilon.
  2488 | D:2      | Found a basalt altar of Yredelemnul.
  2526 | D:2      | Found an opulent altar of Gozag.
  2610 | D:2      | Reached XP level 5. HP: 28/35 MP: 1/12
  2699 | D:3      | Noticed TinyReaver's ghost (amateur CeHu)
  2961 | D:3      | Slain by TinyReaver's ghost

Skill      XL: |  1  2  3 |
---------------+----------+-----
Spellcasting   | 3 4 |  4.8
Necromancy     | 5 |  5.3
Dodging        | |  1.6
Stealth        | |  1.7

Action                   |  1- 3 |  4- 6 || total
-------------------------+-------+-------++-------
Melee: Dagger            |    14 |       ||    14
       Flail             |       |     9 ||     9
 Cast: Pain              |    51 |    48 ||    99
       Animate Skeleton  |     5 |       ||     5
       Vampiric Draining |       |     3 ||     3
  Use: Scroll            |       |     3 ||     3
Armor: Robe              |     3 |     8 ||    11
Dodge: Dodged            |    13 |    30 ||    43
